 Dungeon Crawl Stone Soup version 0.25-a0-610-gd0df705f03 (webtiles) character file.

Game seed: 14153801412457284853, levelgen mode: deterministic

84 Esekla the Ducker (level 4, 0/21 HPs)
             Began as a Spriggan Artificer on Mar 16, 2020.
             Slain by a worker ant (6 damage)
             ... on level 4 of the Dungeon.
             The game lasted 00:10:00 (2572 turns).

Esekla the Ducker (Spriggan Artificer)              Turns: 2572, Time: 00:10:01

Health: 0/21       AC:  2    Str:  8    XL:     4   Next: 24%
Magic:  8/8        EV: 20    Int: 13    God:
Gold:   199        SH:  0    Dex: 16    Spells: 6/6 levels left

rFire    . . .     SeeInvis +   a - +0 short sword
rCold    . . .     Gourm    .   (shield restricted)
rNeg     . . .     Faith    .   b - +0 robe
rPois    .         Spirit   .   (helmet restricted)
rElec    .         Reflect  .   (no cloak)
rCorr    .         Harm     .   (gloves unavailable)
MR       .....                  (boots unavailable)
Stlth    ++........             (no amulet)
HPRegen  0.07/turn              (no ring)
MPRegen  0.11/turn              (no ring)

@: lethally poisoned (0 -> -7), very quick
A: very small, unfitting armour, see invisible, herbivore, speed 3, slow
metabolism 2
a: no special abilities


You were on level 4 of the Dungeon.
You were not hungry.

You visited 1 branch of the dungeon, and saw 4 of its levels.

You collected 199 gold pieces.

Inventory:

Hand Weapons
 a - a +0 short sword (weapon)
Missiles
 l - 22 poisoned darts (quivered)
Armour
 b - a +0 robe (worn)
 h - a +0 leather armour
 p - a +0 leather armour
Wands
 c - a wand of flame (15)
 d - a wand of enslavement (15)
 e - a wand of random effects (15)
Scrolls
 i - a scroll of teleportation {unknown}
 j - a scroll of enchant weapon {unknown}
 n - 2 scrolls of fog
 o - a scroll of blinking {unknown}
 r - a scroll of identify {unknown}
Potions
 g - a potion of heal wounds {unknown}
 k - 2 potions of curing {unknown}
 m - a potion of stabbing {unknown}
 q - a potion of brilliance {unknown}
 s - a potion of berserk rage {unknown}
 t - a potion of haste {unknown}
Comestibles
 f - 5 rations


   Skills:
 - Level 0.7 Fighting
 * Level 2.8 Short Blades
 * Level 4.6 Dodging
 + Level 2.3 Stealth
 * Level 1.8 Spellcasting
 - Level 4.0 Evocations


You had 6 spell levels left.
You didn't know any spells.
Your spell library was empty.

Dungeon Overview and Level Annotations

Branches:
Dungeon (4/15)
 Temple: D:4-7

Altars:
Dithmenos
Fedhas
Trog

Annotations:
D:3 Robin


Innate Abilities, Weirdness & Mutations

You are very small and have problems with some larger weapons.
You are too small for most types of armour.
You have supernaturally acute eyesight. (SInv)
You are a herbivore.
You cover ground extremely quickly.
You need to consume almost no food.


Message History

The adder is moderately wounded.
You feel sick. The adder completely misses you.
You hit the adder.
The adder is heavily wounded.
The adder closely misses you.
You hit the adder.
The adder is heavily wounded.
You feel sick. The adder barely misses you. The adder bites you.
You are more poisoned.
The adder poisons you!
You hit the adder.
You kill the adder!
You hit the worker ant but do no damage.
The worker ant is almost dead.
You feel sick. The worker ant bites you.
You hit the worker ant.
The worker ant is almost dead.
* * * LOW HITPOINT WARNING * * *
You feel sick. The worker ant bites you.
You die...

.. .#.## #.
....#
#.#....###
#........#
#........#
#a......#
#####)#....##
#...a##....#
.....###@#.##.#
### #...## #
#....# #....#
####.# #.#
####.# #....#
#.####


You could see a worker ant.

Vanquished Creatures
  2 adders
  2 worms (D:2)
  3 leopard geckos
  2 giant cockroaches
  5 goblins
  8 hobgoblins
  10 jackals
  3 kobolds
  7 bats
  4 frilled lizards
  6 rats
52 creatures vanquished.

Notes
Turn   | Place    | Note
-------+----------+-------------------------------------------
     0 | D:1      | Esekla the Spriggan Artificer began the quest for the Orb.
     0 | D:1      | Reached XP level 1. HP: 9/9 MP: 4/4
   177 | D:1      | Reached skill level 1 in Spellcasting
   210 | D:1      | Reached XP level 2. HP: 6/14 MP: 6/6
   843 | D:2      | Reached XP level 3. HP: 11/17 MP: 7/7
  1521 | D:2      | Found a bloodstained altar of Trog.
  2026 | D:2      | Found a shadowy altar of Dithmenos.
  2171 | D:3      | Noticed Robin
  2174 | D:3      | Reached XP level 4. HP: 12/21 MP: 8/8
  2403 | D:3      | Found a blossoming altar of Fedhas.
  2404 | D:3      | Found a bloodstained altar of Trog.
  2572 | D:4      | Slain by a worker ant

Levels and vault maps discovered:
D:1:      minmay_arrival_jagged, layout_loops_ring, st_stairs_9
D:2:      layout_rooms, marbit_many_paths, trog_three_pillars_becter
D:3:      layout_basic, minitemple, uniq_jessica, uniq_robin
D:4:      layout_loops_ring, first_ration

Skill      XL: |  1  2  3 |
---------------+----------+-----
Spellcasting   | 1 |  1.8
Short Blades   | 2 |  2.8
Dodging        | 4 |  4.6
Stealth        | 2 |  2.3
Fighting       | |  0.7
Evocations     | |  4.0

Action                   |  1- 3 |  4- 6 || total
-------------------------+-------+-------++-------
Melee: Short sword       |   251 |    37 ||   288
  Use: Scroll            |     1 |       ||     1
 Stab: Sleeping          |     7 |     1 ||     8
Armor: Robe              |    24 |     4 ||    28
Dodge: Dodged            |   206 |    29 ||   235

Table legend:
 A = Non-vault XP
 B = Vault XP
 C = Vault XP percentage of total XP
 D = Non-vault monster count
 E = Vault monster count
 F = Vault count percentage of total count
                 A         B        C        D         E       F
            +---------+---------+-------+---------+---------+-------
      Total |     113 |       8 |   6.6 |      47 |       5 |   9.6
            +---------+---------+-------+---------+---------+-------
        D:1 |      25 |       2 |   7.4 |      13 |       2 |  13.3
        D:2 |      60 |       2 |   3.2 |      25 |       1 |   3.8
        D:3 |      14 |       4 |  22.2 |       8 |       2 |  20.0
        D:4 |      14 |       0 |   0.0 |       1 |       0 |   0.0
            +---------+---------+-------+---------+---------+-------
